 Dungeon Crawl Stone Soup version 0.24-a0-443-g80245de385 (console) character file.

Game seed: 5505957433739712223

378 Lexodia the Insei (level 6, -6/47 HPs)
             Began as a Gnoll Transmuter on June 21, 2019.
             Mangled by a gnoll
             ... wielding a +0 halberd
              (16 damage)
             ... on level 3 of the Dungeon.
             The game lasted 00:05:43 (2736 turns).

Lexodia the Insei (Gnoll Transmuter)                Turns: 2736, Time: 00:05:44

Health: -6/47      AC:  2    Str: 12    XL:     6   Next: 74%
Magic:  12/14      EV: 15    Int: 18    God:
Gold:   190        SH:  0    Dex: 15    Spells: 4/15 levels left

rFire    . . .     SeeInvis .     - Unarmed
rCold    . . .     Gourm    .   (no shield)
rNeg     . . .     Faith    .   b - +0 robe
rPois    .         Spirit   .   (no helmet)
rElec    .         Reflect  .   (no cloak)
rCorr    .         Harm     .   (no gloves)
MR       .....                  (no boots)
Stlth    ++........             (no amulet)
HPRegen  0.15/turn              (no ring)
MPRegen  0.14/turn              (no ring)

@: no status effects
A: distributed training, fangs 1, strong nose
a: no special abilities


You were on level 3 of the Dungeon.
You were hungry.

You visited 1 branch of the dungeon, and saw 3 of its levels.

You collected 190 gold pieces.

Inventory:

Missiles
 a - 12 arrows
 i - 3 boomerangs (quivered)
Armour
 b - a +0 robe (worn)
Scrolls
 c - a scroll of blinking {unknown}
 e - a scroll of fear {unknown}
 l - 3 scrolls of identify {unknown}
 m - 2 scrolls of magic mapping {unknown}
 n - 2 scrolls of remove curse {unknown}
 o - 3 scrolls of teleportation {unknown}
 q - a scroll of enchant weapon {unknown}
 r - a scroll of amnesia {unknown}
Potions
 f - 2 potions of curing
 g - 2 potions of mutation {unknown}
 h - 2 potions of brilliance {unknown}
 j - 2 potions of flight {unknown}
 k - a potion of degeneration {unknown}
 s - a potion of invisibility {unknown}
 t - a potion of lignification {unknown}
Comestibles
 d - 8 rations
 p - 16 chunks of flesh


   Skills:
 + Level 3.3 Fighting
 + Level 2.0 Short Blades
 + Level 2.0 Long Blades
 + Level 2.0 Axes
 + Level 2.0 Maces & Flails
 + Level 2.0 Polearms
 + Level 2.0 Staves
 + Level 2.0 Slings
 + Level 2.0 Bows
 + Level 2.0 Crossbows
 + Level 2.0 Throwing
 + Level 2.0 Armour
 + Level 5.0 Dodging
 + Level 2.0 Stealth
 + Level 2.0 Shields
 + Level 6.8 Unarmed Combat
 + Level 5.4 Spellcasting
 + Level 1.6 Conjurations
 + Level 1.6 Hexes
 + Level 1.6 Charms
 + Level 1.6 Summonings
 + Level 1.6 Necromancy
 + Level 1.6 Translocations
 + Level 4.1 Transmutations
 + Level 1.6 Fire Magic
 + Level 1.6 Ice Magic
 + Level 1.6 Air Magic
 + Level 1.6 Earth Magic
 + Level 1.6 Poison Magic
 + Level 2.2 Invocations
 + Level 2.0 Evocations


You had 4 spell levels left.
You knew the following spells:

 Your Spells              Type           Power        Failure   Level  Hunger
a - Beastly Appendage     Tmut           ###...       2%          1    None
b - Sticks to Snakes      Tmut           ###.....     3%          2    #......
c - Spider Form           Tmut/Pois      ###.......   12%         3    ##.....
d - Blade Hands           Tmut           ###.......   54%         5    ######.

Your spell library contained the following spells:

 Spells                   Type           Power        Failure   Level  Hunger
 Ice Form                 Ice/Tmut       ###.....     36%         4    ####...


Dungeon Overview and Level Annotations

Branches:
Dungeon (3/15)

Altars:
Nemelex Xobeh
Uskayaw
Yredelemnul

Annotations:
D:3 1 runed translucent door, Zero's ghost, amateur GrEE


Innate Abilities, Weirdness & Mutations

Your experience applies equally to all skills.
You have very sharp teeth.
Your uncanny sense of smell can sniff out nearby items.


Message History

There is a large open door here.
Your transformation has ended.
Your +0 robe unmelds from your body.
You see here a +0 whip.
You kill the gnoll sergeant!
Your Short Blades skill increases to level 2!
Your Long Blades skill increases to level 2!
Your Axes skill increases to level 2!
Your Maces & Flails skill increases to level 2!
Your Polearms skill increases to level 2!
Your Staves skill increases to level 2!
Your Slings skill increases to level 2!
Your Bows skill increases to level 2!
Your Crossbows skill increases to level 2!
Your Throwing skill increases to level 2!
Your Armour skill increases to level 2!
Your Stealth skill increases to level 2!
Your Shields skill increases to level 2!
Your Evocations skill increases to level 2!
The gnoll hits you from afar with a +0 halberd!
You die...

.P.. ... ∆ ≈≈≈ ≈≈
##### #...# ∆
#...######
#@#....+ ∆
#.)g)..###########
###....#......#8..
#.##)'##..#8).'...
#[..g.g...#8..'...
#.........()..#...
#.##''#########)g.
###.)..# ∆∆#...
#....).# #...


You could see 3 gnolls.

Vanquished Creatures
  A gnoll sergeant (D:3)
  A gnoll shaman (D:3)
  An orc priest (D:3)
  An orc wizard (D:3)
  11 gnolls (D:3)
  4 adders
  A shadow imp (D:3)
  An ooze (D:3)
  2 worms
  A dart slug (D:3)
  A leopard gecko (D:2)
  3 orcs
  4 bats
  3 giant cockroaches
  4 goblins
  5 hobgoblins
  6 jackals
  3 quokkas (D:2)
  6 frilled lizards
  10 kobolds
  8 rats
77 creatures vanquished.

Notes
Turn   | Place    | Note
-------+----------+-------------------------------------------
     0 | D:1      | Lexodia the Gnoll Transmuter began the quest for the Orb.
     0 | D:1      | Reached XP level 1. HP: 17/17 MP: 6/6
   487 | D:1      | Huge Dmg: 4 dmg
   487 | D:1      | Reached XP level 2. HP: 17/23 MP: 5/7
   844 | D:2      | Huge Dmg: 5 dmg
   852 | D:2      | Reached XP level 3. HP: 11/28 MP: 9/9
   853 | D:2      | Reached skill level 5 in Spellcasting
  1161 | D:2      | Reached skill level 1 in Invocations
  1225 | D:2      | Reached skill level 1 in Short Blades
  1225 | D:2      | Reached skill level 1 in Long Blades
  1225 | D:2      | Reached skill level 1 in Axes
  1225 | D:2      | Reached skill level 1 in Maces & Flails
  1225 | D:2      | Reached skill level 1 in Polearms
  1225 | D:2      | Reached skill level 1 in Staves
  1225 | D:2      | Reached skill level 1 in Slings
  1225 | D:2      | Reached skill level 1 in Bows
  1225 | D:2      | Reached skill level 1 in Crossbows
  1225 | D:2      | Reached skill level 1 in Throwing
  1225 | D:2      | Reached skill level 1 in Armour
  1225 | D:2      | Reached skill level 1 in Stealth
  1225 | D:2      | Reached skill level 1 in Shields
  1225 | D:2      | Reached skill level 1 in Evocations
  1274 | D:2      | Found a basalt altar of Yredelemnul.
  1337 | D:2      | Reached XP level 4. HP: 28/34 MP: 11/11
  1635 | D:3      | Huge Dmg: 6 dmg
  1644 | D:2      | Huge Dmg: 7 dmg
  1651 | D:2      | Huge Dmg: 3 dmg
  1663 | D:2      | Learned a level 2 spell: Sticks to Snakes
  1667 | D:2      | Learned a level 3 spell: Spider Form
  1862 | D:3      | Reached skill level 1 in Conjurations
  1862 | D:3      | Reached skill level 1 in Hexes
  1862 | D:3      | Reached skill level 1 in Charms
  1862 | D:3      | Reached skill level 1 in Summonings
  1862 | D:3      | Reached skill level 1 in Necromancy
  1862 | D:3      | Reached skill level 1 in Translocations
  1862 | D:3      | Reached skill level 1 in Fire Magic
  1862 | D:3      | Reached skill level 1 in Ice Magic
  1862 | D:3      | Reached skill level 1 in Air Magic
  1862 | D:3      | Reached skill level 1 in Earth Magic
  1862 | D:3      | Reached skill level 1 in Poison Magic
  1863 | D:3      | Huge Dmg: 12 dmg
  1870 | D:3      | Reached XP level 5. HP: 22/40 MP: 6/12
  1887 | D:3      | Learned a level 5 spell: Blade Hands
  2050 | D:3      | Huge Dmg: 6 dmg
  2244 | D:3      | Found a sparkling altar of Nemelex Xobeh.
  2245 | D:3      | Found a faded altar of an unknown god.
  2255 | D:3      | Found a runed translucent door.
  2285 | D:3      | Noticed Zero's ghost (amateur GrEE)
  2503 | D:3      | Found a hide-covered altar of Uskayaw.
  2627 | D:3      | Reached XP level 6. HP: 41/47 MP: 7/13
  2714 | D:3      | Reached skill level 5 in Dodging
  2717 | D:3      | Huge Dmg: 13 dmg
  2718 | D:3      | Huge Dmg: 7 dmg
  2729 | D:3      | Huge Dmg: 5 dmg
  2730 | D:3      | Huge Dmg: 3 dmg
  2736 | D:3      | Mangled by a gnoll

Levels and vault maps discovered:
D:1:      lemuel_arrival_rhombus, layout_loops_corners, minivault_19
D:2:      layout_loops_ring, yredelemnul_altar_generic, first_ration,
          minmay_close_crescents
D:3:      lemuel_castle_with_subvaults [lemuel_castle_interior_carwin_2],
          layout_loops_ring, nemelex_xobeh_ov_fountains_minmay,
          lemuel_coloured_pillars_altar, ebering_ghost_sewer_d,
          chequers_ecumenical_altar_simple_redux

Skill      XL: |  1  2  3  4  5  6 |
---------------+-------------------+-----
Spellcasting   | 5 |  5.4
Invocations    | 1 2 |  2.2
Short Blades   | 1 2 |  2.0
Long Blades    | 1 2 |  2.0
Axes           | 1 2 |  2.0
Maces & Flails | 1 2 |  2.0
Polearms       | 1 2 |  2.0
Staves         | 1 2 |  2.0
Slings         | 1 2 |  2.0
Bows           | 1 2 |  2.0
Crossbows      | 1 2 |  2.0
Throwing       | 1 2 |  2.0
Armour         | 1 2 |  2.0
Stealth        | 1 2 |  2.0
Shields        | 1 2 |  2.0
Evocations     | 1 2 |  2.0
Conjurations   | 1 |  1.6
Hexes          | 1 |  1.6
Charms         | 1 |  1.6
Summonings     | 1 |  1.6
Necromancy     | 1 |  1.6
Translocations | 1 |  1.6
Fire Magic     | 1 |  1.6
Ice Magic      | 1 |  1.6
Air Magic      | 1 |  1.6
Earth Magic    | 1 |  1.6
Poison Magic   | 1 |  1.6
Fighting       | 3 |  3.3
Transmutations | 4 |  4.1
Dodging        | 5 |  5.0
Unarmed Combat | |  6.8

Action                   |  1- 3 |  4- 6 || total
-------------------------+-------+-------++-------
Melee: Unarmed           |    72 |   134 ||   206
       Headbutt          |     3 |       ||     3
       Punch             |     2 |     2 ||     4
       Kick              |     1 |     1 ||     2
       Bite              |     2 |     6 ||     8
Throw: Boomerang         |       |     3 ||     3
 Cast: Beastly Appendage |     9 |     2 ||    11
       Spider Form       |       |     7 ||     7
  Use: Potion            |       |     1 ||     1
 Stab: Sleeping          |     3 |     4 ||     7
       Distracted        |     1 |       ||     1
  Eat: Chunk             |     1 |     5 ||     6
Armor: Robe              |     8 |    10 ||    18
       Skin              |       |     2 ||     2
Dodge: Dodged            |    51 |   129 ||   180

Table legend:
 A = Non-vault XP
 B = Vault XP
 C = Vault XP percentage of total XP
 D = Non-vault monster count
 E = Vault monster count
 F = Vault count percentage of total count
                 A         B        C        D         E       F
            +---------+---------+-------+---------+---------+-------
      Total |     208 |     333 |  61.6 |      55 |      22 |  28.6
            +---------+---------+-------+---------+---------+-------
        D:1 |      17 |       0 |   0.0 |      10 |       0 |   0.0
        D:2 |      47 |      33 |  41.2 |      22 |       5 |  18.5
        D:3 |     144 |     300 |  67.6 |      23 |      17 |  42.5
            +---------+---------+-------+---------+---------+-------
